 Dungeon Crawl Stone Soup version 0.30-a0-439-g9e77e4d916 (webtiles) character file.

Game seed: 16958016072233933992

4002 avis the Skirmisher (level 9, 0/118 HPs)
             Began as a Demigod Ice Elementalist on Dec 9, 2022.
             Slain by a death yak (6 damage)
             ... on level 9 of the Dungeon on Dec 10, 2022.
             The game lasted 01:11:26 (10707 turns).

avis the Skirmisher (Demigod Ice Elementalist)     Turns: 10707, Time: 01:11:29

Health: 0/118      AC: 31    Str:  9    XL:     9   Next: 73%
Magic:  9/16       EV:  2    Int: 23    God:
Gold:   482        SH:  0    Dex: 26    Spells: 7/14 levels left

rFire   . . .      SeeInvis .    b - +0 shortbow
rCold   . . .      Faith    .    (shield currently unavailable)
rNeg    . . .      Spirit   .    (body armour currently unavailable)
rPois   +          Reflect  .    (helmet currently unavailable)
rElec   .          Harm     .    (cloak currently unavailable)
rCorr   +          Rampage  .    (gloves currently unavailable)
Will    .....      NoTele   +    (boots currently unavailable)
Stlth   +++.......               (no amulet)
HPRegen 0.39/turn                n - +6 ring of intelligence
MPRegen 0.15/turn                D - ring of resist corrosion

@: ice-armoured, tree-form, freezing walls
A: stationary, stasis, torment immunity, boosted hp, high MP 1, forlorn, divine
attributes
a: no special abilities


You were on level 9 of the Dungeon.
You were a tree.
You visited 2 branches of the dungeon, and saw 10 of its levels.
You also visited: Ossuary.

You collected 482 gold pieces.

Inventory:

Hand Weapons
 a - the +4 dagger "Leasuc" {freeze, rN+ Str+3}
   (You found it on level 2 of the Dungeon)

   It freezes those it strikes, dealing additional cold damage.
   It can also slow down cold-blooded creatures.
   Str:       It affects your strength (+3).
   rN:        It protects you from negative energy.
 b - a +0 shortbow (weapon)
 c - a +4 great sword
 p - a +4 dagger of chaos
 w - a +2 flail of holy wrath
Missiles
 f - 13 poisoned darts
 j - a throwing net
Armour
 q - a +0 pair of gloves (melded)
 E - the +2 leather armour "Huocom" (melded) {Dex+6}
   (You found it on level 4 of the Dungeon)

   Dex:       It affects your dexterity (+6).
Jewellery
 n - a +6 ring of intelligence (left branch)
 x - a ring of wizardry
 B - a ring of flight
 D - a ring of resist corrosion (right branch)
Wands
 e - a wand of iceblast (9)
 v - a wand of mindburst (6)
Scrolls
 k - 4 scrolls of teleportation {unknown}
 l - 3 scrolls of blinking {unknown}
 m - 2 scrolls of silence {unknown}
 o - a scroll of fear {unknown}
 t - 4 scrolls of amnesia {unknown}
 y - a scroll of fog {unknown}
 J - a scroll of enchant armour {unknown}
 S - 3 scrolls of magic mapping {unknown}
Potions
 d - 3 potions of invisibility
 g - 3 potions of resistance
 h - 10 potions of curing
 i - 3 potions of magic
 r - 3 potions of brilliance
 u - 2 potions of cancellation
 A - a potion of flight
 K - a potion of might
 M - 2 potions of mutation
 N - a potion of ambrosia {unknown}
 O - 2 potions of haste


   Skills:
 - Level 7.0 Fighting
 * Level 8.6 Ranged Weapons
 - Level 3.0 Armour
 - Level 3.0 Dodging
 - Level 3.0 Stealth
 - Level 3.0 Spellcasting
 - Level 6.0 Ice Magic


You had 7 spell levels left.
You knew the following spells:

 Your Spells              Type           Power      Damage    Failure   Level
a - Freeze                Ice            100%       1d10      1%          1
o - Ozocubu's Armour      Ice            31%        N/A       3%          3
r - Frozen Ramparts       Ice            62%        1d10      3%          3

Your spell library contained the following spells:

 Spells                   Type           Power      Damage    Failure   Level
 Apportation              Tloc           6%         N/A       12%         1
 Kiss of Death            Conj/Necr      12%        2d6       12%         1
 Sublimation of Blood     Necr           3%         N/A       17%         2
 Wereblood                Tmut           3%         N/A       17%         2
 Summon Ice Beast         Ice/Summ       17%        N/A       32%         4
 Confusing Touch          Hex            3%         N/A       34%         3
 Animate Dead             Necr           3%         N/A       75%         4
 Dispel Undead            Necr           3%         3d7       75%         4
 Alistair's Intoxication  Tmut/Pois      2%         N/A       97%         5
 Haunt                    Necr/Summ      1%         N/A       100%        7
 Summon Hydra             Summ           1%         N/A       100%        7
 Infestation              Necr           1%         N/A       100%        8


Dungeon Overview and Level Annotations

Branches:
Dungeon (9/15)             Temple (1/1) D:5         Ossuary (visited)
   Lair: D:8-11         Orc: D:9-12

Shops:
D:4 =   D:9 *


Innate Abilities, Weirdness & Mutations

You are a tree.
Your roots penetrate the ground, keeping you stationary.
You cannot be teleported.
You are immune to unholy pain and torment.
Your maximum health is greatly increased.
Your equipment is partially melded.
You have an increased reservoir of magic. (+10% MP)
You shall have no god before yourself.
Your divine heritage dramatically boosts your attributes as you level up.


Message History

You shoot an arrow.
The arrow hits the death yak but does no damage.
The death yak is almost dead.
The frozen ramparts melt away.
The death yak gores you!
Casting: Frozen Ramparts (dangerous; 4% risk of failure)
Confirm with . or Enter, or press ? or * to list all spells.
Casting: Frozen Ramparts (dangerous; 4% risk of failure)
Press: ? - help, Dir - look around, f - activate The walls around you are covered in ice.
The wall freezes the death yak but does no damage.
The wall freezes the death yak.
The death yak snorts and paws the ground.
The death yak gores you!
The wall freezes the death yak.
Fire: b) +0 shortbow
Press: ? - help, Q - select action, (/) - cycle Shift-Dir - straight line, f - death yak
Aim: a death yak (lightly wounded, 85% to hit)
You shoot an arrow. The arrow hits the death yak.
The death yak is almost dead.
The wall freezes the death yak but does no damage.
The wall freezes the death yak!
The wall freezes the death yak but does no damage.
The death yak gores you!
Fire: b) +0 shortbow
Press: ? - help, Q - select action, (/) - cycle Shift-Dir - straight line, f/p - death yak
Aim: a death yak (lightly wounded, 85% to hit)
You shoot an arrow.
The arrow hits the death yak but does no damage.
The death yak is almost dead.
The wall freezes the death yak. x2; The death yak gores you!!
* * * LOW HITPOINT WARNING * * *
The wall freezes the death yak but does no damage.
The death yak snorts and paws the ground.
Really quaff the potion of lignification?
You turn into a tree.
Your +0 pair of gloves melds into your body.
The +2 leather armour "Huocom" {Dex+6} melds into your body.
Your roots penetrate the ground.
The wall freezes the death yak.
The wall freezes the death yak but does no damage.
The death yak gores you.
You die...

#.####...#.########
#.##.'...'........#
#.##.#...#.#......#
#.##.#...#.#......+
#.##.#...#.#......#
#.##.#...#.....####
#.##.#...#...###
#.##.#...#>#.####
#.##.#####.#..♣Y#
#.##.#♣###.#####YY....
#.##....†....... ..#..
#....♣∩♣##.####. ...
#.####..##+### ... ###
#♣......# .. #......#
. #......+ ##.....#.#


You could see 3 death yaks.

Vanquished Creatures
  A death yak (D:9)
  Psyche (D:8)
  A shadow (D:5)
  A steam dragon (D:6)
  Edmund (D:5)
  An orc warrior (D:9)
  A black bear (D:5)
  A sky beast (D:6)
  An ogre (D:6)
  2 centaurs (D:7)
  5 phantoms
  2 kobold brigands
  4 bullfrogs
  A necrophage (D:5)
  A scorpion (D:4)
  4 wights (D:7)
  3 killer bees (D:9)
  A howler monkey (D:3)
  2 centaur zombies (Ossuary)
  3 orc priests
  2 gnoll boudas
  2 hounds
  A jelly (D:7)
  Ijyb (D:3)
  Terence (D:3)
  2 human zombies (Ossuary)
  4 iguanas
  4 orc wizards
  5 mummies (Ossuary)
  7 gnolls
  8 adders
  A shadow imp (D:4)
  4 white imps (D:6)
  3 ufetubi
  2 worms
  4 dart slugs
  20 orcs
  3 bats
  5 endoplasms
  3 giant cockroaches
  8 goblins
  10 hobgoblins
  11 jackals
  7 ball pythons
  3 frilled lizards
  A goblin zombie (Ossuary)
  10 kobolds
  2 kobold zombies (Ossuary)
  An orc zombie (Ossuary)
  4 rats
  2 rat zombies (D:3)
  A bush (D:4)
179 creatures vanquished.

Vanquished Creatures (others)
  3 plants (D:4)
3 creatures vanquished.

Grand Total: 182 creatures vanquished

Notes
Turn   | Place    | Note
-------+----------+-------------------------------------------
     0 | D:1      | avis the Demigod Ice Elementalist began the quest for the
                  | Orb.
     0 | D:1      | Reached XP level 1. HP: 14/14 MP: 5/5
   231 | D:1      | Reached XP level 2. HP: 19/20 MP: 4/7
   409 | D:1      | Reached skill level 1 in Fighting
  1079 | D:2      | Reached XP level 3. HP: 28/28 MP: 9/9
  1088 | D:1      | Learned a level 3 spell: Frozen Ramparts
  1335 | D:2      | Identified the +2 robe "Tiom" {rElec rPois Str+6 Stlth-}
  1653 | D:2      | Identified the +4 dagger "Leasuc" {freeze, rN+ Str+3}
  1745 | D:2      | Reached XP level 4. HP: 36/36 MP: 10/10
  2328 | D:3      | Learned a level 3 spell: Ozocubu's Armour
  2466 | D:3      | Noticed a phantom
  2488 | D:3      | Killed a phantom
  2489 | D:3      | Reached skill level 5 in Ice Magic
  2489 | D:3      | Reached XP level 5. HP: 30/41 MP: 3/12
  2585 | D:3      | Noticed Ijyb
  2594 | D:3      | Killed Ijyb
  2740 | D:3      | Noticed Terence
  2800 | D:3      | Killed Terence
  3145 | D:3      | Reached skill level 1 in Ranged Weapons
  3145 | D:3      | Reached XP level 6. HP: 37/51 MP: 1/13
  3250 | D:3      | Reached skill level 2 in Ranged Weapons
  4068 | D:4      | Reached skill level 3 in Ranged Weapons
  4072 | D:4      | Reached XP level 7. HP: 29/59 MP: 3/14
  4344 | D:4      | Identified the +2 leather armour "Huocom" {Dex+6}
  4449 | D:4      | Found Boyqaynn's Jewellery Shoppe.
  4772 | D:5      | Entered Level 5 of the Dungeon
  4863 | D:5      | Reached skill level 4 in Ranged Weapons
  5207 | D:5      | Found a staircase to the Ecumenical Temple.
  5217 | Temple   | Entered the Ecumenical Temple
  5310 | D:5      | Reached skill level 5 in Fighting
  5484 | D:5      | Noticed a shadow
  5506 | D:5      | Killed a shadow
  5611 | D:5      | Reached skill level 5 in Ranged Weapons
  5643 | D:5      | Noticed Edmund
  5665 | D:5      | Killed Edmund
  5666 | D:5      | Reached XP level 8. HP: 30/68 MP: 7/15
  6073 | D:5      | Upgraded the game from 0.30-a0-424-g7412bad402 to
                  | 0.30-a0-439-g9e77e4d916
  6211 | D:6      | Reached skill level 6 in Ranged Weapons
  7759 | D:7      | Reached skill level 7 in Ranged Weapons
  7778 | D:7      | Found a sand-covered staircase.
  7783 | Ossuary  | Entered an ossuary
  8176 | D:7      | Reached XP level 9. HP: 59/75 MP: 12/16
  8421 | D:7      | Found Keottov's General Store.
  8500 | D:7      | Reached skill level 8 in Ranged Weapons
  8823 | D:7      | Reached skill level 1 in Armour
  9280 | D:8      | Noticed Psyche
  9294 | D:8      | Killed Psyche
  9523 | D:8      | Found a transporter.
  9524 | D:8      | Found a transporter.
  9526 | D:8      | Found a transporter.
  9527 | D:8      | Found a transporter.
 10438 | D:9      | Identified the +3 quarterstaff "Mozeceptul" {flame, rPois}
 10459 | D:9      | Found Xovoe's General Store.
 10473 | D:9      | Noticed a death yak
 10505 | D:9      | Killed a death yak
 10692 | D:9      | Noticed a death yak
 10692 | D:9      | Noticed a death yak
 10693 | D:9      | Noticed a death yak
 10694 | D:9      | Noticed a death yak
 10694 | D:9      | Noticed a death yak
 10696 | D:9      | Noticed a death yak
 10696 | D:9      | Noticed a death yak
 10707 | D:9      | Slain by a death yak

Illustrated notes

Levels and vault maps discovered:
D:1:      dpeg_arrival_another_circle, layout_loops_ring,
          hellmonk_ecumenical_altar_inner_sanctum
D:2:      layout_basic
D:3:      layout_basic, lemuel_zombie_altar_kikubaaqudgha,
          mainiacjoe_overflow_concentric_impassable, uniq_ijyb, uniq_terence
D:4:      layout_rooms, serial_shops, shop, serial_forest,
          infiniplex_forest_corner_2, infiniplex_forest_pool,
          infiniplex_forest_clump_small, infiniplex_forest_lined_ring,
          infiniplex_forest_straight_5, infiniplex_forest_lined_corner,
          infiniplex_forest_clump_small, infiniplex_forest_clump_medium,
          infiniplex_forest_clump_tiny, st_stairs_2
D:5:      layout_basic, gammafunk_temple_overflow_elements,
          minmay_temple_entry_fiery, uniq_edmund
D:6:      layout_cave_pools, kennysheep_generic_room_4
D:7:      layout_basic, nicolae_ossuary_entry_false_entrances, serial_shops,
          nicolae_lakefront_shop
D:8:      layout_loops_cross, skrybe_limestone_x, nicolae_diode_quadrants,
          uniq_psyche
D:9:      minmay_the_grid_triangle_9x9_rhombus_thin_mashed
          [minmay_the_grid_triangle_9x9_longest,
          minmay_the_grid_triangle_9x9_prize_special,
          minmay_the_grid_triangle_9x9_limited_checkers,
          minmay_the_grid_triangle_9x9_pentomino_pain], layout_basic,
          dpeg_lair_monsters, serial_shops, nicolae_shop_trees
Temple:   nicolae_temple_bog_church

Skill      XL: |  1  2  3  4  5  6  7  8  9 |
---------------+----------------------------+-----
Ice Magic      | 4 5 6 |  6.0
Spellcasting   | 2 3 |  3.0
Fighting       | 1 2 3 4 5 6 7 |  7.0
Dodging        | 2 3 |  3.0
Stealth        | 2 3 |  3.0
Ranged Weapons | 1 3 5 7 8 |  8.6
Armour         | 3 |  3.0

Action                   |  1- 3 |  4- 6 |  7- 9 || total
-------------------------+-------+-------+-------++-------
Melee: Whip              |    13 |       |       ||    13
       Dagger            |       |    88 |   315 ||   403
       Punch             |       |       |     4 ||     4
       Flail             |       |       |    43 ||    43
 Fire: Sling             |     1 |       |     5 ||     6
       Shortbow          |       |       |    96 ||    96
 Cast: Freeze            |    64 |     7 |     3 ||    74
       Frozen Ramparts   |       |    17 |    37 ||    54
       Ozocubu's Armour  |       |    17 |    35 ||    52
  Use: Scroll            |       |       |    13 ||    13
       Potion            |       |       |     3 ||     3
 Stab: Sleeping          |     3 |     1 |     9 ||    13
       Distracted        |       |       |     1 ||     1
Armor: Robe              |     7 |    11 |       ||    18
       Leather armour    |       |    22 |   105 ||   127
       Swamp dragon scal |       |       |     6 ||     6
Dodge: Dodged            |    28 |    53 |   202 ||   283

Table legend: (Time is in decaauts)
 A = Elapsed time spent in this place.
 B = Non-inter-level travel time spent in this place.
 C = Inter-level travel time spent in this place.
 D = Time resting spent in this place.
 E = Time spent auto-exploring this place.
 F = Levels seen in this place.
 G = Mean time per level.
                   A        B        C        D        E       F      G
               +--------+--------+--------+--------+--------+-----+--------+
         Total |  10754 |   9503 |   1251 |   3099 |   3772 |  11 |  977.6 |
       Dungeon |  10450 |   9201 |   1249 |   3099 |   3772 |   9 | 1161.1 |
        Temple |     37 |     36 |      1 |      0 |      0 |   1 |   37.0 |
       Ossuary |    265 |    265 |      0 |      0 |      0 |   1 |  265.0 |
               +--------+--------+--------+--------+--------+-----+--------+

Top non-repeatable levels by time:
     D:5: 1887 daAuts
     D:3: 1408 daAuts
     D:4: 1162 daAuts
     D:7: 1156 daAuts
     D:1: 1135 daAuts
     D:2: 1112 daAuts
     D:6: 1106 daAuts
     D:8: 1043 daAuts
     D:9: 438 daAuts
 Ossuary: 265 daAuts
  Temple: 37 daAuts
